 Dungeon Crawl Stone Soup version 0.27-a0-637-g3a9f0a9c12 (webtiles) character file.

Game seed: 11307177301069397969

596 porpoise the Skirmisher (level 7, -10/47 HPs)
             Began as a Gargoyle Fighter on Mar 14, 2021.
             Splashed by Ijyb's acid (17 damage)
             ... on level 3 of the Dungeon.
             The game lasted 00:10:33 (2804 turns).

porpoise the Skirmisher (Gargoyle Fighter)          Turns: 2804, Time: 00:10:33

Health: -10/47     AC:  3    Str: 20    XL:     7   Next: 40%
Magic:  7/7        EV:  7    Int:  9    God:
Gold:   136        SH:  9    Dex: 10    Spells: 6/6 levels left

rFire    . . .     SeeInvis .   a - +0 flail
rCold    . . .     Faith    .   c - +0 kite shield
rNeg     + . .     Spirit   .   b - +0 scale mail
rPois    ∞         Reflect  .   (no helmet)
rElec    +         Harm     .   n - +0 cloak
rCorr    .         Rampage  .   s - +0 pair of gloves
Will     .....                  h - +0 pair of boots
Stlth    ..........             l - amulet of regeneration
HPRegen  1.15/turn              (no ring)
MPRegen  0.10/turn              (no ring)

@: corroded
A: AC +4, negative energy resistance 1, electricity resistance, torment
resistance 1, unbreathing 1, petrification resistance
a: no special abilities


You were on level 3 of the Dungeon.
You visited 1 branch of the dungeon, and saw 3 of its levels.
You also visited: Sewer.

You collected 136 gold pieces.

Inventory:

Hand Weapons
 a - a +0 flail (weapon)
Missiles
 e - 3 curare-tipped darts
 g - 27 sling bullets
 i - 123 stones (quivered)
 k - 31 poisoned darts
 p - 16 bolts
Armour
 b - a +0 scale mail (worn)
 c - a +0 kite shield (worn)
 h - a +0 pair of boots (worn)
 n - a +0 cloak (worn)
 s - a +0 pair of gloves (worn)
Jewellery
 l - an amulet of regeneration (around neck)
Scrolls
 j - a scroll of teleportation
 r - a scroll of blinking {unknown}
Potions
 d - 2 potions of might
 f - 3 potions of cancellation
 m - 2 potions of heal wounds
 o - a potion of magic
 q - a potion of lignification


   Skills:
 + Level 6.8 Fighting
 + Level 5.7 Maces & Flails
 - Level 3.2 Armour
 - Level 3.2 Shields


You had 6 spell levels left.
You didn't know any spells.
Your spell library was empty.

Dungeon Overview and Level Annotations

Branches:
Dungeon (3/15)              Sewer (visited)

Altars:
Zin

Annotations:
D:3 Ijyb


Innate Abilities, Weirdness & Mutations

Your stone body is resilient. (AC +4)
You are immune to poison.
You resist negative energy. (rN+)
You are resistant to electric shocks. (rElec)
You are resistant to unholy torment.
You can survive without breathing.
You are immune to petrification.


Message History

Ijyb is lightly wounded.
Ijyb barely misses you.
You hit Ijyb but do no damage.
Ijyb is lightly wounded.
Ijyb zaps a wand.
The bolt of acid hits you. The acid corrodes you!
You are splashed with acid!
You hit Ijyb.
Ijyb is moderately wounded.
Ijyb hits you with a +1 dagger of venom.
Ijyb hits you but does no damage.
You hit Ijyb but do no damage.
Ijyb is moderately wounded.
You block Ijyb's attack.
You hit Ijyb.
Ijyb is heavily wounded.
Ijyb hits you with a +1 dagger of venom.
You hit Ijyb but do no damage.
Ijyb is heavily wounded.
Ijyb hits you with a +1 dagger of venom.
You block Ijyb's attack.
You aren't carrying any items that you can evoke.
Unknown command.
Unknown command.
You feel much better. Ijyb barely misses you.
You hit Ijyb but do no damage.
Ijyb is heavily wounded.
Ijyb barely misses you.
You closely miss Ijyb.
Ijyb is heavily wounded.
Ijyb zaps a wand.
The bolt of acid hits you! The acid corrodes you!
You are splashed with acid!
You barely miss Ijyb.
Ijyb is heavily wounded.
Ijyb barely misses you. Ijyb completely misses you.
You barely miss Ijyb.
Ijyb is heavily wounded.
Ijyb zaps a wand.
The bolt of acid hits you!
* * * LOW HITPOINT WARNING * * *
The acid corrodes you!
You are splashed with acid!
You die...

#.......# #.......
#.......###.......
#...[...).........
#......)###....#..
#....|..###....≈≈≈
#######.......'.#..#≈≈≈≈
..............#.#..≈≈≈≈≈
.......)......#.#...≈≈≈.
.......@..[...# #..≈≈≈≈≈
.......g......# #..#≈≈≈≈
..............# #....≈≈≈
..........#..## #....#..
..........#.>.. ##......
..........##### ##.....
..........# ######
..........#


You could see Ijyb.

Vanquished Creatures
  6 kobold brigands (Sewer)
  3 gnolls (D:3)
  6 adders
  A river rat (Sewer)
  2 oozes (Sewer)
  4 worms
  A dart slug (D:2)
  3 leopard geckos
  4 orcs (D:3)
  11 ball pythons
  4 bats (D:2)
  2 giant cockroaches (D:3)
  7 goblins
  4 hobgoblins
  3 jackals (D:2)
  11 kobolds
  A quokka (D:2)
  3 frilled lizards
  7 rats
83 creatures vanquished.

Notes
Turn   | Place    | Note
-------+----------+-------------------------------------------
     0 | D:1      | porpoise the Gargoyle Fighter began the quest for the Orb.
     0 | D:1      | Reached XP level 1. HP: 14/14 MP: 1/1
   476 | D:1      | Reached XP level 2. HP: 19/19 MP: 2/2
  1301 | D:2      | Reached XP level 3. HP: 24/24 MP: 3/3
  1328 | D:2      | Reached skill level 4 in Fighting
  1674 | D:2      | Found a glowing silver altar of Zin.
  1766 | D:2      | Reached XP level 4. HP: 27/30 MP: 4/4
  2000 | D:3      | Found a glowing drain.
  2035 | Sewer    | Entered a sewer
  2061 | Sewer    | Reached XP level 5. HP: 34/34 MP: 5/5
  2077 | Sewer    | Noticed a kobold brigand
  2094 | Sewer    | Killed a kobold brigand
  2095 | Sewer    | Reached skill level 5 in Fighting
  2137 | Sewer    | Noticed a kobold brigand
  2155 | Sewer    | Killed a kobold brigand
  2156 | Sewer    | Reached XP level 6. HP: 41/41 MP: 6/6
  2253 | Sewer    | Reached skill level 6 in Fighting
  2253 | Sewer    | Reached skill level 5 in Maces & Flails
  2348 | Sewer    | Reached XP level 7. HP: 47/47 MP: 7/7
  2785 | D:3      | Noticed Ijyb
  2804 | D:3      | Splashed by Ijyb's acid

Illustrated notes

Levels and vault maps discovered:
D:1:      nicolae_arrival_washed_ashore, layout_basic
D:2:      layout_rooms, nicolae_overflow_hidden_temple, serial_corexii_hall,
          corexii_hall_statues_t, chequers_hall_statues_wall_a
D:3:      layout_basic, kennysheep_ying_yang, cheibrodos_sewer_entry_drain,
          uniq_ijyb

Skill      XL: |  1  2  3  4  5  6 |
---------------+-------------------+-----
Fighting       | 4 5 6 |  6.8
Maces & Flails | 3 4 5 |  5.7
Armour         | |  3.2
Shields        | |  3.2

Action                   |  1- 3 |  4- 6 |  7- 9 || total
-------------------------+-------+-------+-------++-------
Melee: Flail             |   132 |   100 |    85 ||   317
Throw: Dart              |       |     2 |       ||     2
       Stone             |       |     1 |       ||     1
  Use: Scroll            |       |     6 |     1 ||     7
       Potion            |       |       |     2 ||     2
Armor: Scale mail        |    75 |    42 |    23 ||   140
Dodge: Dodged            |    43 |    23 |    32 ||    98
Block: Kite shield       |    71 |    52 |    39 ||   162

Table legend: (Time is in decaauts)
 A = Elapsed time spent in this place.
 B = Non-inter-level travel time spent in this place.
 C = Inter-level travel time spent in this place.
 D = Time resting spent in this place.
 E = Time spent auto-exploring this place.
 F = Levels seen in this place.
 G = Mean time per level.
                   A        B        C        D        E       F      G
               +--------+--------+--------+--------+--------+-----+--------+
         Total |   3146 |   3048 |     98 |    241 |   1620 |   4 |  786.5 |
       Dungeon |   2243 |   2145 |     98 |    241 |   1202 |   3 |  747.7 |
         Sewer |    902 |    902 |      0 |      0 |    418 |   1 |  902.0 |
               +--------+--------+--------+--------+--------+-----+--------+

Top non-repeatable levels by time:
     D:1: 1331 daAuts
   Sewer: 902 daAuts
     D:2: 741 daAuts
     D:3: 170 daAuts
